HSSL
MASCONOMET HS CHIEFTANS @ TEMISKAMING DISTRICT SECONDARY SCHOOL SAINTS
04/24/2026
 
TOP OF THE 1ST
Masconomet HS Chieftans batting - Pitching for Temiskaming District Secondary School Saints : LHP David Rodríguez
Pitching: LHP David Rodríguez
Batting: RHB Frank Music 0-0: Called Strike
0-1: Foul Ball, location: 2F
0-2: Ball
1-2: SINGLE (Line Drive, 7LM)
Batting: RHB Tyler Robinson 0-0: Ball
Frank Music steals 2nd base
1-0: Ball
2-0: Ball
3-0: Base on Balls
Batting: LHB Trent Andrews 0-0: Called Strike
0-1: Ball
1-1: Ball
2-1: Ball
3-1: Grounds into double play, 4-6-3 (Groundball, 34)
Frank Music to third
Batting: RHB Clancy Castro 0-0: Ball
1-0: Ball
2-0: Ball
3-0: Base on Balls
Batting: RHB Lee Justice 0-0: Called Strike
0-1: Foul Ball, location: 2F
0-2: Ball
1-2: Strikes out swinging
Top of the 1st over - 0 run(s), 1 hit(s), 0 error(s), 2 left on base; Masconomet HS 0 - Temiskaming District Secondary School 0
BOTTOM OF THE 1ST
Temiskaming District Secondary School Saints batting - Pitching for Masconomet HS Chieftans : RHP David Wilson
Pitching: RHP David Wilson
Batting: RHB George Gardner 0-0: Ball
1-0: Foul Ball, location: 2F
1-1: Ball
2-1: Foul Ball, location: 2F
2-2: Ball
3-2: DOUBLE (Line Drive, 9LM)
Batting: RHB Beau McNeill 0-0: Ball
1-0: Called Strike
1-1: Ball
2-1: Called Strike
2-2: Foul Ball, location: 2F
2-2: Strikes out swinging
Batting: RHB Fred Moulds 0-0: Ball
1-0: Ground out 1-3 (Groundball, 15S)
Batting: RHB Walt Miller 0-0: Ball
1-0: Called Strike
1-1: Fly out, F8 (Flyball, 8LM)
Bottom of the 1st over - 0 run(s), 1 hit(s), 0 error(s), 1 left on base; Masconomet HS 0 - Temiskaming District Secondary School 0
TOP OF THE 2ND
Masconomet HS Chieftans batting - Pitching for Temiskaming District Secondary School Saints : LHP David Rodríguez
Batting: RHB Ryan Beck 0-0: Ball
1-0: Ball
2-0: Ground out 5-3 (Groundball, 5L)
Batting: RHB António Rojas 0-0: Called Strike
0-1: Foul Ball, location: 2F
0-2: Foul Ball, location: 2F
0-2: Strikes out looking
Batting: SHB Jim Orr 0-0: Ball
1-0: Called Strike
1-1: Ball
2-1: Called Strike
2-2: Ball
3-2: Base on Balls
Batting: RHB Jack Bowman 0-0: Called Strike
0-1: Ball
1-1: Called Strike
1-2: Strikes out looking
Top of the 2nd over - 0 run(s), 0 hit(s), 0 error(s), 1 left on base; Masconomet HS 0 - Temiskaming District Secondary School 0
BOTTOM OF THE 2ND
Temiskaming District Secondary School Saints batting - Pitching for Masconomet HS Chieftans : RHP David Wilson
Batting: LHB Carlos Músquez 0-0: Called Strike
0-1: Fly out, F3 (Line Drive, 3L)
Batting: RHB Bob Ferguson 0-0: Called Strike
0-1: Swinging Strike
0-2: Strikes out swinging
Batting: RHB John Weber 0-0: Foul Ball, location: 2F
0-1: Ball
1-1: SINGLE (Groundball, 56)
Batting: RHB Elliott Short 0-0: Ball
1-0: Ball
2-0: Ground out 5-3 (Groundball, 6)
Bottom of the 2nd over - 0 run(s), 1 hit(s), 0 error(s), 1 left on base; Masconomet HS 0 - Temiskaming District Secondary School 0
TOP OF THE 3RD
Masconomet HS Chieftans batting - Pitching for Temiskaming District Secondary School Saints : LHP David Rodríguez
Batting: RHB Frank Music 0-0: Called Strike
0-1: Foul Ball, location: 2F
0-2: Ball
1-2: Ball
2-2: Strikes out swinging
Batting: RHB Tyler Robinson 0-0: Called Strike
0-1: Foul Ball, location: 2F
0-2: Strikes out swinging
Batting: LHB Trent Andrews 0-0: Ball
1-0: Ball
2-0: Ball
3-0: Foul Ball, location: 2F
3-1: Base on Balls
Batting: RHB Clancy Castro 0-0: Foul Ball, location: 2F
0-1: Ball
1-1: Foul Ball, location: 2F
1-2: Ball
2-2: SINGLE (Groundball, 6MD)
Trent Andrews to second
Batting: RHB Lee Justice 0-0: Swinging Strike
0-1: Ball
1-1: Swinging Strike
1-2: Foul Ball, location: 2F
1-2: Ball
2-2: Strikes out swinging
Top of the 3rd over - 0 run(s), 1 hit(s), 0 error(s), 2 left on base; Masconomet HS 0 - Temiskaming District Secondary School 0
BOTTOM OF THE 3RD
Temiskaming District Secondary School Saints batting - Pitching for Masconomet HS Chieftans : RHP David Wilson
Batting: SHB Stanley Ryan 0-0: Foul Ball, location: 2F
0-1: Ball
1-1: Swinging Strike
1-2: Ball
2-2: Strikes out swinging
Batting: RHB George Gardner 0-0: Swinging Strike
0-1: Ball
1-1: Foul Ball, location: 2F
1-2: Ball
2-2: SOLO HOME RUN (Flyball, 89D), Distance : 433 ft
Batting: RHB Beau McNeill 0-0: Swinging Strike
0-1: Swinging Strike
0-2: Ball
1-2: Ball
2-2: Foul Ball, location: 2F
2-2: Foul Ball, location: 2F
2-2: Foul Ball, location: 2F
2-2: Strikes out swinging
Batting: RHB Fred Moulds 0-0: Ball
1-0: Fly out, F8 (Flyball, 8LS)
Bottom of the 3rd over - 1 run(s), 1 hit(s), 0 error(s), 0 left on base; Masconomet HS 0 - Temiskaming District Secondary School 1
TOP OF THE 4TH
Masconomet HS Chieftans batting - Pitching for Temiskaming District Secondary School Saints : LHP David Rodríguez
Batting: RHB Ryan Beck 0-0: Ball
1-0: Fly out, F8 (Flyball, 8RM)
Batting: RHB António Rojas 0-0: Ball
1-0: Fly out, F9 (Flyball, 89XD)
Batting: SHB Jim Orr 0-0: Ball
1-0: Foul Ball, location: 2F
1-1: Ball
2-1: Ground out 6-3 (Groundball, 6MS)
Top of the 4th over - 0 run(s), 0 hit(s), 0 error(s), 0 left on base; Masconomet HS 0 - Temiskaming District Secondary School 1
BOTTOM OF THE 4TH
Temiskaming District Secondary School Saints batting - Pitching for Masconomet HS Chieftans : RHP David Wilson
Batting: RHB Walt Miller 0-0: Fly out, F5 (Line Drive, 5)
Batting: LHB Carlos Músquez 0-0: Ball
1-0: Foul Ball, location: 2F
1-1: Foul Ball, location: 2F
1-2: Strikes out looking
Batting: RHB Bob Ferguson 0-0: Called Strike
0-1: Ball
1-1: Ball
2-1: Swinging Strike
2-2: Ball
3-2: Foul Ball, location: 2F
3-2: Foul Ball, location: 2F
3-2: Ground out 5-3 (Groundball, 56S)
Bottom of the 4th over - 0 run(s), 0 hit(s), 0 error(s), 0 left on base; Masconomet HS 0 - Temiskaming District Secondary School 1
TOP OF THE 5TH
Masconomet HS Chieftans batting - Pitching for Temiskaming District Secondary School Saints : LHP David Rodríguez
Batting: RHB Jack Bowman 0-0: Ball
1-0: Fly out, F8 (Flyball, 8LM)
Batting: RHB Frank Music 0-0: Called Strike
0-1: Ball
1-1: Foul Ball, location: 2F
1-2: Ground out 5-3 (Groundball, 56)
Batting: RHB Tyler Robinson 0-0: Called Strike
0-1: Called Strike
0-2: Ball
1-2: Strikes out swinging
Top of the 5th over - 0 run(s), 0 hit(s), 0 error(s), 0 left on base; Masconomet HS 0 - Temiskaming District Secondary School 1
BOTTOM OF THE 5TH
Temiskaming District Secondary School Saints batting - Pitching for Masconomet HS Chieftans : RHP David Wilson
Batting: RHB John Weber 0-0: Called Strike
0-1: Bunted foul
0-2: Ball
1-2: Foul Ball, location: 2F
1-2: SINGLE (Line Drive, 7S)
Batting: RHB Elliott Short 0-0: Ball
1-0: Called Strike
1-1: SINGLE (Groundball, 34D)
John Weber to second
Runner from 2nd tries for 3rd, SAFE, throw made to third
Batting: SHB Stanley Ryan 0-0: Ball
1-0: SINGLE (Groundball, 23) (infield hit)
John Weber scores
Elliott Short to second
Batting: RHB George Gardner 0-0: Ball
1-0: Ball
2-0: Ball
3-0: Swinging Strike
3-1: Base on Balls
Elliott Short to third
Stanley Ryan to second
Batting: RHB Beau McNeill 0-0: Ball
1-0: Ball
2-0: Grounds into double play, 3-2-3 (Groundball, 34)
Stanley Ryan to third
George Gardner to second
Batting: RHB Fred Moulds 0-0: Ball
1-0: Called Strike
1-1: Foul Ball, location: 2F
1-2: Ball
2-2: Foul Ball, location: 2F
2-2: DOUBLE (Flyball, 8RM)
Stanley Ryan scores
George Gardner scores
Pitching: RHP Alberto Pérez
Batting: RHB Walt Miller 0-0: Ball
1-0: Ball
2-0: Swinging Strike
2-1: Fly out, F9 (Flyball, 9S)
Bottom of the 5th over - 3 run(s), 4 hit(s), 0 error(s), 1 left on base; Masconomet HS 0 - Temiskaming District Secondary School 4
TOP OF THE 6TH
Masconomet HS Chieftans batting - Pitching for Temiskaming District Secondary School Saints : LHP David Rodríguez
Pitching: RHP Kenneth Williams
Batting: LHB Trent Andrews 0-0: Called Strike
0-1: Ball
1-1: Swinging Strike
1-2: Foul Ball, location: 2F
1-2: Strikes out swinging
Batting: RHB Clancy Castro 0-0: Ball
1-0: DOUBLE (Line Drive, 8LD)
Batting: RHB Lee Justice 0-0: Ball
1-0: Ball
2-0: Called Strike
2-1: Foul Ball, location: 2F
2-2: Ball
3-2: Strikes out looking
Batting: RHB Ryan Beck 0-0: Ball
1-0: SINGLE (Flyball, 7S)
Clancy Castro to third
Runner from 3rd tries for Home, SAFE, throw made home
Ryan Beck to second
Batting: RHB António Rojas 0-0: Foul Ball, location: 2F
0-1: Foul Ball, location: 2F
0-2: Ball
1-2: Strikes out looking
Top of the 6th over - 1 run(s), 2 hit(s), 0 error(s), 1 left on base; Masconomet HS 1 - Temiskaming District Secondary School 4
BOTTOM OF THE 6TH
Temiskaming District Secondary School Saints batting - Pitching for Masconomet HS Chieftans : RHP Alberto Pérez
Now in RF: José Gallardo
Batting: LHB Carlos Músquez 0-0: Swinging Strike
0-1: Ball
1-1: Foul Ball, location: 2F
1-2: SOLO HOME RUN (Flyball, 9D), Distance : 407 ft
Batting: RHB Bob Ferguson 0-0: Called Strike
0-1: Ground out 5-3 (Groundball, 15S)
Batting: RHB John Weber 0-0: Called Strike
0-1: Ball
1-1: Ball
2-1: Ball
3-1: Foul Ball, location: 2F
3-2: Base on Balls
Batting: RHB Elliott Short 0-0: Called Strike
0-1: Ball
1-1: Swinging Strike
1-2: Ground out 6-3 (Groundball, 6)
John Weber to second
Batting: SHB Stanley Ryan 0-0: Swinging Strike
0-1: Ball
1-1: Called Strike
1-2: Strikes out looking
Bottom of the 6th over - 1 run(s), 1 hit(s), 0 error(s), 1 left on base; Masconomet HS 1 - Temiskaming District Secondary School 5
TOP OF THE 7TH
Masconomet HS Chieftans batting - Pitching for Temiskaming District Secondary School Saints : RHP Kenneth Williams
Batting: SHB Jim Orr 0-0: Swinging Strike
0-1: Ball
1-1: SINGLE (Groundball, 4S)
Batting: RHB Jack Bowman 0-0: Swinging Strike
0-1: Called Strike
0-2: SINGLE (Flyball, 7S)
Jim Orr to second
Batting: RHB Frank Music 0-0: Foul Ball, location: 2F
0-1: Fielders Choice at 2nd, 6-4 (Groundball, 6)
Jim Orr to third
Batting: RHB Tyler Robinson 0-0: Foul Ball, location: 2F
0-1: Foul Ball, location: 2F
0-2: Foul Ball, location: 2F
0-2: Strikes out looking
Batting: LHB Trent Andrews 0-0: Ball
1-0: Ball
2-0: Swinging Strike
2-1: Called Strike
2-2: 3-RUN HOME RUN (Flyball, 8RXD), Distance : 445 ft
Pitching: RHP Fernando Mata
Batting: LHB José Gallardo 0-0: Ball
1-0: Ball
2-0: Ball
3-0: Base on Balls
Batting: RHB Lee Justice 0-0: Ball
1-0: Ground out 4-3 (Groundball, 4)
Top of the 7th over - 3 run(s), 3 hit(s), 0 error(s), 1 left on base; Masconomet HS 4 - Temiskaming District Secondary School 5
BOTTOM OF THE 7TH
Temiskaming District Secondary School Saints batting - Pitching for Masconomet HS Chieftans : RHP Alberto Pérez
Batting: RHB George Gardner 0-0: Called Strike
0-1: Ball
1-1: Ball
2-1: Ball
3-1: Called Strike
3-2: Base on Balls
Batting: RHB Beau McNeill 0-0: Called Strike
0-1: Ball
1-1: Hit by Pitch
George Gardner to second
Batting: RHB Fred Moulds 0-0: SINGLE (Line Drive, 6D)
George Gardner to third
Beau McNeill to second
Batting: RHB Walt Miller 0-0: Called Strike
0-1: Foul Ball, location: 2F
0-2: Foul Ball, location: 2F
0-2: Foul Ball, location: 2F
0-2: Ball
1-2: Strikes out looking
Batting: LHB Carlos Músquez 0-0: Called Strike
0-1: Swinging Strike
0-2: Ball
1-2: Ball
2-2: SINGLE (Groundball, 2L) (infield hit)
George Gardner scores
Beau McNeill to third
Fred Moulds to second
Batting: RHB Bob Ferguson 0-0: Called Strike
0-1: Ball
1-1: Called Strike
1-2: Ball
2-2: SINGLE (Groundball, 5L)
Beau McNeill scores
Fred Moulds to third
Carlos Músquez to second
Runner from 3rd tries for Home, throw and OUT!
Pitching: RHP Danny Owen
Batting: RHB John Weber 0-0: SINGLE (Line Drive, 7LS)
Carlos Músquez to third
Bob Ferguson to second
Throwing error, E7
Carlos Músquez scores
Bob Ferguson to third
John Weber to second
Batting: RHB Elliott Short 0-0: Ball
1-0: Ball
2-0: Foul Ball, location: 2F
2-1: Foul Ball, location: 2F
2-2: Fly out, F9 (Flyball, 9S)
Bottom of the 7th over - 3 run(s), 4 hit(s), 1 error(s), 2 left on base; Masconomet HS 4 - Temiskaming District Secondary School 8
TOP OF THE 8TH
Masconomet HS Chieftans batting - Pitching for Temiskaming District Secondary School Saints : RHP Fernando Mata
Batting: RHB Ryan Beck 0-0: Called Strike
0-1: Swinging Strike
0-2: Ball
1-2: Ball
2-2: Ball
3-2: Base on Balls
Batting: RHB António Rojas 0-0: Called Strike
0-1: Foul Ball, location: 2F
0-2: Foul Ball, location: 2F
0-2: Ball
1-2: Foul Ball, location: 2F
1-2: Strikes out looking
Batting: SHB Jim Orr 0-0: Ball
1-0: Swinging Strike
1-1: Foul Ball, location: 2F
1-2: Ball
2-2: Ball
3-2: Base on Balls
Ryan Beck to second
Pitching: RHP John Bauer
Batting: RHB Jack Bowman 0-0: Called Strike
0-1: Called Strike
0-2: Ball
1-2: Ball
2-2: Ball
3-2: Foul Ball, location: 2F
3-2: Foul Ball, location: 2F
3-2: Base on Balls
Ryan Beck to third
Jim Orr to second
Batting: RHB Frank Music 0-0: Foul Ball, location: 2F
0-1: DOUBLE (Line Drive, 7LM)
Ryan Beck scores
Jim Orr scores
Jack Bowman to third
Batting: RHB Tyler Robinson 0-0: Ground out 4-3 (Groundball, 13)
Jack Bowman scores
Frank Music to third
Batting: LHB Trent Andrews 0-0: Ball
1-0: Ball
2-0: Called Strike
2-1: Ball
3-1: Foul Ball, location: 2F
3-2: Strikes out swinging
Top of the 8th over - 3 run(s), 1 hit(s), 0 error(s), 1 left on base; Masconomet HS 7 - Temiskaming District Secondary School 8
BOTTOM OF THE 8TH
Temiskaming District Secondary School Saints batting - Pitching for Masconomet HS Chieftans : RHP Danny Owen
Batting: SHB Stanley Ryan 0-0: Ball
1-0: Called Strike
1-1: Ball
2-1: Ball
3-1: Base on Balls
Batting: RHB George Gardner 0-0: Ball
1-0: Ball
2-0: Called Strike
2-1: Foul Ball, location: 2F
2-2: Ball
3-2: Strikes out swinging
Batting: RHB Beau McNeill 0-0: Ball
1-0: Foul Ball, location: 2F
1-1: Foul Ball, location: 2F
1-2: Ball
2-2: Foul Ball, location: 2F
2-2: Grounds into double play, 4-6-3 (Groundball, 4)
Bottom of the 8th over - 0 run(s), 0 hit(s), 0 error(s), 0 left on base; Masconomet HS 7 - Temiskaming District Secondary School 8
TOP OF THE 9TH
Masconomet HS Chieftans batting - Pitching for Temiskaming District Secondary School Saints : RHP John Bauer
Pitching: RHP Derrek Sánchez
Batting: LHB José Gallardo 0-0: Foul Ball, location: 2F
0-1: SINGLE (Groundball, 4M)
Batting: RHB Lee Justice 0-0: Ball
1-0: Ball
2-0: Ball
3-0: Base on Balls
José Gallardo to second
Batting: RHB Ryan Beck 0-0: Bunted foul
0-1: Bunt missed!
0-2: Strikes out looking
Batting: RHB António Rojas 0-0: Ball
1-0: Ball
2-0: Foul Ball, location: 2F
2-1: Ball
3-1: Base on Balls
José Gallardo to third
Lee Justice to second
Batting: SHB Jim Orr 0-0: Ball
1-0: Swinging Strike
1-1: Ball
2-1: Swinging Strike
2-2: Strikes out swinging
Batting: RHB Jack Bowman 0-0: Foul Ball, location: 2F
0-1: Foul Ball, location: 2F
0-2: Strikes out swinging
Top of the 9th over - 0 run(s), 1 hit(s), 0 error(s), 3 left on base; Masconomet HS 7 - Temiskaming District Secondary School 8
Monday, December 5th, 2016 - OOTP Baseball 17.12 Build 75